 Dungeon Crawl Stone Soup version 0.28.0-1-gb440e238dd (webtiles) character file.

Game seed: 13488328499497899296

56104 joshe the Protected (level 14, -6/88 HPs)
             Began as a Gargoyle Fighter on Feb 19, 2022.
             Was an Initiate of Gozag.
             Killed by divine providence
             ... invoked by a meliai
              (8 damage)
             ... on level 2 of the Spider Nest.
             The game lasted 02:03:56 (26385 turns).

joshe the Protected (Gargoyle Fighter)             Turns: 26385, Time: 02:03:56

Health: -6/88      AC: 44    Str: 27    XL:     14   Next: 80%
Magic:  20/20      EV:  8    Int:  9    God:    Gozag
Gold:   881        SH:  5    Dex:  9    Spells: 20/21 levels left

rFire   . . .      SeeInvis .   M - +10 dire flail of the Several Dreams {freeze, rElec rC++ Will+ Str-4}
rCold   + + .      Faith    .   (shield currently unavailable)
rNeg    + . .      Spirit   .   L - +10 plate armour {ponderous}
rPois   ∞          Reflect  +   h - +1 hat
rElec   +          Harm     .   H - +1 cloak
rCorr   .          Rampage  .   l - +0 pair of gloves
Will    ++...                   f - +0 pair of boots
Stlth   ..........              U - amulet of reflection
HPRegen 0.24/turn               F - +4 ring of slaying
MPRegen 0.17/turn               b - +6 ring of strength

@: gold aura, flying, slow
A: sickness immunity, AC +10, big wings, negative energy resistance 1,
electricity resistance, torment resistance 1, petrification resistance, horns 1
a: Renounce Religion, Potion Petition, Call Merchant, Bribe Branch


You were on level 2 of the Spider Nest.
You worshipped Gozag.
Gozag was pleased with you.
You visited 5 branches of the dungeon, and saw 21 of its levels.
You also visited: Sewer.

You collected 5229 gold pieces.
You spent 2225 gold pieces at shops.
You paid 2123 gold pieces to Gozag.

Inventory:

Hand Weapons
 u - a +4 flail
 x - a +1 flail of protection
 y - a +0 hunting sling
 M - the +10 dire flail of the Several Dreams (weapon) {freeze, rElec rC++ Will+ Str-4}
   (You found it on level 10 of the Dungeon)

   It freezes those it strikes, dealing additional cold damage.
   It can also slow down cold-blooded creatures.
   Str:       It affects your strength (-4).
   rC:        It greatly protects you from cold.
   rElec:     It insulates you from electricity.
   Will:      It increases your willpower.
Missiles
 B - 81 sling bullets
 G - 29 poisoned darts (quivered)
 I - 3 javelins
 R - 145 stones
Armour
 a - a +0 kite shield
 f - a +0 pair of boots (worn)
 h - a +1 hat (worn)
 l - a +0 pair of gloves (worn)
 D - a scarf of invisibility
 H - a +1 cloak (worn)
 L - a +10 plate armour of ponderousness (worn)
Jewellery
 b - a +6 ring of strength (right hand)
 o - a ring of flight
 F - a +4 ring of slaying (left hand)
 Q - a ring of resist corrosion
 S - a ring of see invisible
 U - an amulet of reflection (around neck)
Wands
 k - a wand of flame (26)
 t - a wand of mindburst (7)
 w - a wand of iceblast (5)
 z - a wand of polymorph (20)
 N - a wand of digging (5)
Scrolls
 n - 4 scrolls of teleportation
 p - 3 scrolls of magic mapping
 q - a scroll of blinking
 r - 3 scrolls of fear
 s - 2 scrolls of amnesia
 A - 3 scrolls of enchant armour
 E - 3 scrolls of fog
 J - 5 scrolls of identify
 K - a scroll of enchant weapon
 P - 4 scrolls of brand weapon
 W - a scroll of silence
Potions
 c - 3 potions of attraction
 d - a potion of cancellation
 e - 3 potions of lignification
 g - a potion of brilliance
 i - 3 potions of curing
 j - a potion of invisibility
 m - 8 potions of flight
 v - a potion of mutation
 C - 2 potions of ambrosia
 O - a potion of berserk rage
 T - a potion of might
 V - a potion of heal wounds


   Skills:
 - Level 10.0 Fighting
 - Level 14.0 Maces & Flails
 - Level 4.0 Throwing
 + Level 14.9 Armour
 - Level 6.0 Shields
 - Level 4.0 Spellcasting
 - Level 13.0 Earth Magic
 - Level 6.0 Evocations


You had 20 spell levels left.
You knew the following spells:

 Your Spells              Type           Power      Damage    Failure   Level
a - Sandblast             Erth           50%        2d12      1%          1

Your spell library contained the following spells:

 Spells                   Type           Power      Damage    Failure   Level
 Passwall                 Tmut/Erth      10%        N/A       19%         2
 Stone Arrow              Conj/Erth      26%        3d8       34%         3
 Animate Skeleton         Necr           2%         N/A       86%         1
 Magic Dart               Conj           4%         1d3       86%         1
 Pain                     Necr           4%         1d4       86%         1
 Call Imp                 Summ           1%         N/A       95%         2
 Ensorcelled Hibernation  Hex/Ice        2%         N/A       95%         2
 Mephitic Cloud           Conj/Pois/Air  1%         N/A       99%         3
 Swiftness                Air            1%         N/A       99%         3
 Tukima's Dance           Hex            1%         N/A       99%         3
 Vampiric Draining        Necr           1%         2d6       99%         3
 Anguish                  Hex/Necr       0%         N/A       100%        4
 Summon Lightning Spire   Summ/Air       1%         N/A       100%        4
 Enfeeble                 Hex            0%         N/A       100%        7
 Storm Form               Tmut/Air       0%         N/A       100%        7
 Maxwell's Capacitive Co  Air            0%         ∞         100%        8


Dungeon Overview and Level Annotations

Branches:
Dungeon (11/15)            Temple (1/1) D:5            Lair (5/6) D:10
  Swamp (0/4) Lair:4       Spider (2/4) Lair:2          Orc (2/2) D:9
    Elf (0/3) Orc:2         Sewer (visited)
  Slime: Lair:5-6

Altars:
Cheibriados
Dithmenos
Fedhas
Gozag
Kikubaaqudgha
Makhleb
Qazlal
Ru
Trog
Uskayaw
Vehumet
Wu Jian
Xom
Yredelemnul
Zin
The Shining One
Beogh

Shops:
D:9 ?   D:11 =   Orc:1 *   Orc:2 [?*:?   Lair:2 !?


Innate Abilities, Weirdness & Mutations

You are immune to sickness and miasma.
Your stone body is resilient. (AC +10)
You are immune to poison.
Your large and strong wings let you fly.
You resist negative energy. (rN+)
You are resistant to electric shocks. (rElec)
You are resistant to unholy torment.
You are immune to petrification.
You have a pair of small horns on your head.


Message History

The broodmother is distracted by your dazzling golden aura.
The meliai mumbles some strange prayers to its god against you.
Something smites you!
The broodmother hisses angrily.
You sock the broodmother! You freeze the broodmother.
The broodmother is no longer distracted by gold.
You headbutt the broodmother!
The broodmother is almost dead.
The orb spider is no longer distracted by gold.
The wolf spider hits you but does no damage.
The wolf spider barely misses you.
The tarantella is distracted by your dazzling golden aura.
The meliai hits you with a +0 war axe!
The meliai stings you but does no damage.
The broodmother bites you!
A spider bursts forth from the wound!
The tarantella hisses angrily.
You sock the broodmother! You freeze the broodmother.
You kill the broodmother!
The tarantella disappears in a puff of smoke!
The wolf spider disappears in a puff of smoke!
The tarantella disappears in a puff of smoke!
The meliai hits you with a +2 vorpal war axe.
The meliai stings you. The meliai hits you but does no damage.
The meliai stings you.
The jumping spider leaps!
Blink to where?
Press: ? - help, Dir - move target
As you read the scroll of blinking, it crumbles to dust.
The orb spider seems to regain its courage.
The wolf spider seems to regain its courage.
The meliai mumbles some strange prayers to its god against you.
Something smites you!
* * * LOW HITPOINT WARNING * * *
The meliai mumbles some strange prayers to its god against you.
Something smites you!
* * * LOW HITPOINT WARNING * * *
The wolf spider is distracted by your dazzling golden aura.
The meliai mumbles some strange prayers to its god against you.
Something smites you!
You die...
Your body crumbles into a pile of gold.

....... .#.... #
##.^.^### #.
#^#.......## )...
.##.(s.≈≈^..##....
.....^^.....#.....
..^.≈.s..$≈.^....
....≈^.@..≈...$#.
..^(≈.......^....
.##...^.^.s.##.#
#.(.^^≈...#
##^...§.§##
.^#..^^.##
.####§yy^#
......s§.#
.........#


You could see a wolf spider (unaware), 2 orb spiders, a jumping spider and 2
meliai.

Vanquished Creatures
  Rupert (Lair:4)
  A broodmother (Spider:2)
  Josephine (Orc:1)
  Erolcha (Orc:2)
  An ogre mage (Orc:2)
  4 hydras
  2 boulder beetles
  A catoblepas (Lair:3)
  A two-headed ogre (D:11)
  11 death yaks
  Urug (Orc:1)
  A pharaoh ant (Spider:1)
  A steelbarb worm (Spider:1)
  2 orb spiders
  6 wolf spiders (Spider:1)
  An orc knight (D:9)
  9 orc sorcerers
  An ugly thing (D:11)
  A black mamba (Lair:3)
  5 elephants (Lair:4)
  A moth of wrath (Spider:1)
  2 torpor snails
  A rime drake (Lair:4)
  5 cane toads
  6 komodo dragons
  3 trolls
  2 polar bears (Lair:2)
  3 meliai (Spider:1)
  3 tarantellas
  9 blink frogs (Lair:3)
  4 jumping spiders (Spider:1)
  4 culicivoras (Spider:1)
  6 wraiths
  A shadow (D:11)
  A vampire (D:10)
  3 wyverns
  45 yaks
  2 steam dragons
  3 redbacks (Spider:1)
  An acid dragon (D:10)
  A warg (Orc:1)
  14 water moccasins
  An ice beast (D:7)
  4 black bears
  9 ogres
  20 orc warriors
  6 centaurs
  A necrophage (D:5)
  15 wolves
  4 phantoms
  9 kobold brigands
  11 bullfrogs
  3 gnoll sergeants
  5 scorpions
  5 killer bees (D:9)
  8 wights (D:7)
  6 howler monkeys
  4 electric eels
  A crimson imp (D:9)
  A bullfrog zombie (D:6)
  4 hounds
  A jelly (D:7)
  A gnoll shaman (D:5)
  19 orc priests
  6 iguanas
  34 orc wizards
  A killer bee zombie (D:8)
  21 gnolls
  14 adders
  3 river rats (Sewer)
  4 white imps
  An adder skeleton (D:4)
  5 worms
  4 dart slugs
  55 orcs
  4 endoplasms
  2 giant cockroaches
  8 goblins
  5 hobgoblins
  5 jackals
  3 quokkas
  13 ball pythons
  5 bats
  6 frilled lizards
  18 kobolds
  9 rats
536 creatures vanquished.

Vanquished Creatures (others)
  A culicivora (Spider:2)
  A bush (Lair:2)
  6 fungi
  19 plants
27 creatures vanquished.

Grand Total: 563 creatures vanquished

Notes
Turn   | Place    | Note
-------+----------+-------------------------------------------
     0 | D:1      | joshe the Gargoyle Fighter began the quest for the Orb.
     0 | D:1      | Reached XP level 1. HP: 14/14 MP: 1/1
   436 | D:1      | Reached XP level 2. HP: 9/19 MP: 2/2
   845 | D:1      | Found a faded altar of an unknown god.
  1070 | D:1      | Reached XP level 3. HP: 23/23 MP: 3/3
  1966 | D:2      | Found a shimmering altar of Xom.
  2065 | D:2      | Reached XP level 4. HP: 28/29 MP: 4/4
  2624 | D:3      | Found a snail-covered altar of Cheibriados.
  2624 | D:3      | Found a glowing golden altar of the Shining One.
  2819 | D:3      | Found a glowing drain.
  2845 | D:3      | Reached XP level 5. HP: 31/33 MP: 5/5
  2853 | Sewer    | Entered a sewer
  2986 | Sewer    | Noticed a kobold brigand
  3003 | Sewer    | Killed a kobold brigand
  3027 | Sewer    | Found a white marble altar of Elyvilon.
  3359 | D:3      | Reached XP level 6. HP: 36/38 MP: 6/6
  3378 | D:3      | You are sucked into a shaft and drop 3 floors!
  3431 | D:6      | Reached skill level 5 in Maces & Flails
  3444 | D:6      | Noticed a steam dragon
  3465 | D:5      | Entered Level 5 of the Dungeon
  3476 | D:5      | Reached skill level 1 in Evocations
  3613 | D:5      | Noticed a black bear
  3630 | D:5      | Found a staircase to the Ecumenical Temple.
  3644 | D:5      | Reached XP level 7. HP: 36/43 MP: 7/7
  4110 | D:4      | Found a basalt altar of Yredelemnul.
  4566 | D:4      | Found a shadowy altar of Dithmenos.
  4765 | D:4      | Reached skill level 5 in Fighting
  4827 | D:4      | Reached skill level 5 in Armour
  4827 | D:4      | Reached XP level 8. HP: 47/49 MP: 8/8
  5042 | D:4      | Found a stormy altar of Qazlal.
  5049 | D:4      | Found a blossoming altar of Fedhas.
  5060 | D:4      | Found a bloodstained altar of Trog.
  5091 | D:4      | Reached skill level 5 in Shields
  5663 | Temple   | Entered the Ecumenical Temple
  5721 | Temple   | Became a worshipper of Gozag Ym Sagoz the Greedy
  6222 | D:5      | Noticed a troll
  6267 | D:5      | Killed a troll
  6268 | D:5      | Reached XP level 9. HP: 19/54 MP: 9/9
  8403 | D:7      | Reached skill level 10 in Maces & Flails
  8745 | D:7      | Reached XP level 10. HP: 38/60 MP: 10/10
 10222 | D:8      | Upgraded the game from 0.28.0 to 0.28.0-1-gb440e238dd
 10384 | D:9      | Found Ziest's Magic Scroll Boutique.
 10390 | D:9      | Bought a scroll of fear for 45 gold pieces
 10390 | D:9      | Bought a scroll of enchant armour for 97 gold pieces
 10390 | D:9      | Bought a scroll of teleportation for 39 gold pieces
 10390 | D:9      | Bought a scroll of teleportation for 39 gold pieces
 10390 | D:9      | Bought a scroll of identify for 26 gold pieces
 10390 | D:9      | Bought a scroll of fog for 26 gold pieces
 10539 | D:9      | Found a sacrificial altar of Ru.
 10637 | D:9      | Found a staircase to the Orcish Mines.
 10997 | D:9      | Found a radiant altar of Vehumet.
 10997 | D:9      | Found a burning altar of Makhleb.
 11270 | Orc:1    | Entered Level 1 of the Orcish Mines
 11291 | Orc:1    | Noticed an orc sorcerer
 11297 | Orc:1    | Paralysed by an orc sorcerer for 4 turns
 11299 | Orc:1    | Noticed a rust devil
 11304 | Orc:1    | Killed an orc sorcerer
 11305 | Orc:1    | Reached XP level 11. HP: 53/64 MP: 11/11
 12005 | Orc:1    | Noticed an orc knight
 12395 | D:9      | Killed an orc knight
 12781 | Orc:1    | Found Giciarpho's General Store.
 12781 | Orc:1    | Found Buawn's Specific Store.
 12885 | Orc:2    | Entered Level 2 of the Orcish Mines
 12885 | Orc:2    | Noticed Josephine
 12885 | Orc:2    | Noticed Urug
 13382 | Orc:1    | Killed Urug
 13531 | Orc:1    | Killed Josephine
 14121 | Orc:2    | Found a staircase to the Elven Halls.
 14845 | Orc:2    | Noticed an ogre mage
 14881 | Orc:2    | Killed an ogre mage
 14882 | Orc:2    | Reached skill level 10 in Armour
 15046 | Orc:2    | Reached skill level 1 in Throwing
 15248 | Orc:2    | Noticed an orc sorcerer
 15249 | Orc:2    | Noticed a sun demon
 15250 | Orc:2    | Paralysed by an orc sorcerer for 6 turns
 15252 | Orc:2    | Noticed an orc sorcerer
 15256 | Orc:2    | Noticed an orc sorcerer
 15260 | Orc:2    | Killed an orc sorcerer
 15261 | Orc:2    | Reached XP level 12. HP: 33/72 MP: 12/12
 15793 | Orc:2    | Found an ancient bone altar of Kikubaaqudgha.
 15807 | Orc:2    | Gained mutation: You have a pair of small horns on your
                  | head. [a neqoxec]
 15808 | Orc:2    | Paralysed by an orc sorcerer for 3 turns
 15819 | Orc:2    | Paralysed by an orc sorcerer for 7 turns
 16064 | Orc:2    | Found Wodatsou's Book Emporium.
 16123 | Orc:2    | Paralysed by an orc sorcerer for 7 turns
 16127 | Orc:2    | Noticed Erolcha
 16407 | Orc:2    | Killed Erolcha
 16420 | Orc:2    | Found a radiant altar of Vehumet.
 16474 | Orc:2    | Bought a book of Geomancy for 198 gold pieces
 16484 | Orc:2    | Found Liteked's Magic Scroll Emporium.
 16496 | Orc:2    | Found Desenlill's Magic Scroll Shoppe.
 16499 | Orc:2    | Reached skill level 10 in Fighting
 16512 | Orc:2    | Found Cipisch's Antique Armour Shoppe.
 16524 | Orc:2    | Bought a runed scarf for 200 gold pieces
 16762 | Orc:2    | Bought a scroll of fear for 52 gold pieces
 16762 | Orc:2    | Bought a scroll of teleportation for 45 gold pieces
 16762 | Orc:2    | Bought a scroll of blinking for 112 gold pieces
 16762 | Orc:2    | Bought 3 scrolls of identify for 90 gold pieces
 16762 | Orc:2    | Bought a scroll of fear for 52 gold pieces
 16762 | Orc:2    | Bought a scroll of enchant weapon for 112 gold pieces
 16762 | Orc:2    | Bought a scroll of fear for 52 gold pieces
 16785 | Orc:2    | Bought a runed plate armour for 650 gold pieces
 16987 | D:10     | Entered Level 10 of the Dungeon
 17020 | D:10     | Reached skill level 1 in Spellcasting
 17022 | D:10     | Learned a level 1 spell: Sandblast
 17230 | D:10     | Noticed a death yak
 17230 | D:10     | Noticed a death yak
 17230 | D:10     | Noticed a death yak
 17246 | D:10     | Noticed a death yak
 17270 | D:11     | Killed a death yak
 17271 | D:11     | Reached skill level 1 in Earth Magic
 17612 | D:11     | Killed a death yak
 17620 | D:11     | Killed a death yak
 17875 | D:11     | Noticed a boulder beetle
 17890 | D:11     | Killed a boulder beetle
 18294 | D:11     | Noticed a two-headed ogre
 18305 | D:11     | Killed a two-headed ogre
 18306 | D:11     | Reached skill level 5 in Earth Magic
 18514 | D:11     | Found Zasaovve's Jewellery Shoppe.
 18688 | D:10     | Noticed a death yak
 18712 | D:10     | Killed a death yak
 18725 | D:10     | Killed a death yak
 18733 | D:10     | Reached XP level 13. HP: 51/82 MP: 19/19
 18898 | D:10     | Found a staircase to the Lair.
 18967 | D:10     | Identified the +10 dire flail of the Several Dreams
                  | {freeze, rElec rC++ Will+ Str-4}
 19255 | D:10     | Found a broken altar of Ashenzari.
 19257 | D:10     | Found a shimmering altar of Xom.
 19257 | D:10     | Found a hide-covered altar of Uskayaw.
 19259 | D:10     | Found a stormy altar of Qazlal.
 19259 | D:10     | Found a shimmering altar of Xom.
 19259 | D:10     | Found a shimmering altar of Xom.
 19601 | Lair:1   | Entered Level 1 of the Lair of Beasts
 20119 | Lair:1   | Reached skill level 10 in Earth Magic
 21939 | Lair:2   | Found a hole to the Spider Nest.
 22452 | Lair:3   | Found an ornate altar of the Wu Jian Council.
 22460 | Lair:3   | Found a hide-covered altar of Uskayaw.
 22577 | Lair:3   | Gained mutation: Your large and strong wings let you fly.
                  | [Gargoyle growth]
 22577 | Lair:3   | Reached XP level 14. HP: 83/88 MP: 20/20
 23294 | Lair:4   | Noticed Rupert
 23297 | Lair:4   | Paralysed by Rupert for 7 turns
 23311 | Lair:4   | Killed Rupert
 23580 | Lair:4   | Found a staircase to the Swamp.
 24921 | Spider:1 | Entered Level 1 of the Spider Nest
 24936 | Lair:2   | Reached skill level 5 in Evocations
 26330 | Lair:2   | Bought a potion of berserk rage for 60 gold pieces
 26330 | Lair:2   | Bought a potion of heal wounds for 60 gold pieces
 26335 | Lair:2   | Bought a scroll of enchant armour for 135 gold pieces
 26335 | Lair:2   | Bought a scroll of silence for 135 gold pieces
 26373 | Spider:2 | Noticed a broodmother
 26383 | Spider:2 | Killed a broodmother
 26384 | Spider:2 | HP: 2/88 [meliai/divine providence (16)]
 26385 | Spider:2 | Killed from afar by a meliai

Illustrated notes

Levels and vault maps discovered:
D:1:      minmay_arrival_nine_rooms, layout_basic,
          nicolae_ecumenical_snake_handling, minmay_statues_item
D:2:      layout_loops_ring, basic_altar, small_statue_intersection,
          hangedman_feature_mirror
D:3:      layout_loops_ring, gammafunk_temple_overflow_wave,
          gup_sewer_entry_glass
D:4:      minmay_chambers_of_twos, layout_basic, amcnicky_altar_gilded,
          nicolae_dithmenos_through_a_glass_darkly,
          grunt_temple_overflow_forces_of_nature,
          mainiacjoe_overflow_tiny_flanked
D:5:      layout_loops_ring, minmay_temple_entry_offerings, roderic_lattice_a
D:6:      layout_basic, minmay_misc_feat_square
D:7:      layout_basic
D:8:      layout_loops_ring
D:9:      layout_basic, grunt_temple_overflow_lords_of_destruction,
          nicolae_ru_the_path_less_chosen,
          kennysheep_orc_monster_closet_entryway, serial_shops,
          nicolae_shop_behind_doors
D:10:     layout_basic, doesnt_xom_only_xom, dpeg_lair_monsters, serial_curves,
          eino_curves_03, eino_curves_01, hangedman_decor_diamond_cutter
D:11:     layout_grid_maze, serial_shops, nicolae_diamond_shop
Temple:   grunt_temple_mini_profane
Lair:1:   layout_cave_pods, chequers_serial_rivers_large_a, st_stairs_9,
          wad_woods_03
Lair:2:   layout_gridlike, nicolae_spider_entry_non_spiders, st_stairs_10,
          infiniplex_staircase_pool
Lair:3:   layout_cave_shapes, nicolae_quartered_pool_little,
          nzn_masters_of_martial_movement
Lair:4:   layout_loops_ring, swamp_mist, uniq_rupert
Lair:5:   layout_loops_ring, grunt_megastairs_2, serial_bayou_shore_a
Spider:1: layout_spider_delve, spiders_nest_hornet_nest
Spider:2: layout_chambers, drop_trap, nicolae_orb_stairs
Orc:1:    layout_caves, nicolae_orc_pool_cavern, nicolae_specific_store
Orc:2:    kennysheep_orc_mage_school, layout_diamond_mine, uniq_josephine,
          uniq_urug

Skill      XL: |  1  2  3  4  5  6  7  8  9 10 11 12 13 14 |
---------------+-------------------------------------------+-----
Fighting       | 4 5 6 8 10 | 10.0
Armour         | 4 5 6 10 11 14 | 14.9
Shields        | 4 5 6 |  6.0
Maces & Flails | 3 4 5 7 9 10 14 | 14.0
Evocations     | 2 3 4 6 |  6.0
Throwing       | 2 4 |  4.0
Spellcasting   | 4 |  4.0
Earth Magic    | 7 13 | 13.0

Action                   |  1- 3 |  4- 6 |  7- 9 | 10-12 | 13-15 || total
-------------------------+-------+-------+-------+-------+-------++-------
Melee: Flail             |   136 |   174 |   461 |   776 |    24 ||  1571
       Headbutt          |       |       |       |    47 |    85 ||   132
       Dire flail        |       |       |       |       |   448 ||   448
Throw: Dart              |       |       |       |    23 |    22 ||    45
       Javelin           |       |       |       |    23 |     2 ||    25
 Cast: Sandblast         |       |       |       |       |     3 ||     3
Invok: Call Merchant     |       |       |       |     1 |     2 ||     3
Evoke: Wand              |       |       |    15 |     7 |     1 ||    23
  Use: Scroll            |       |     4 |     5 |    14 |     5 ||    28
       Potion            |       |     2 |     2 |     5 |     3 ||    12
 Stab: Distracted        |       |       |     2 |     5 |     4 ||    11
Armor: Scale mail        |    72 |   107 |   161 |       |       ||   340
       Plate armour      |       |       |   140 |   521 |   325 ||   986
Dodge: Dodged            |    68 |    91 |   153 |   149 |   155 ||   616
Block: Buckler           |    26 |    43 |    78 |       |       ||   147
       Kite shield       |       |       |    31 |   341 |    12 ||   384
       Other             |       |       |       |       |    35 ||    35
